 Dungeon Crawl Stone Soup version 0.29.0-4-gdea44cf6ec (webtiles) character file.

Game seed: 10054288629036147000

18 qw the Chopper (level 2, 0/17 HPs)
             Began as a Tengu Warper on Aug 28, 2022.
             Killed from afar by a dart slug (4 damage)
             ... with a slug dart
             ... on level 1 of the Dungeon.
             The game lasted 00:00:03 (768 turns).

qw the Chopper (Tengu Warper)                        Turns: 768, Time: 00:00:04

Health: 0/17       AC:  3    Str: 11    XL:     2   Next: 70%
Magic:  6/6        EV: 11    Int: 13    God:
Gold:   12         SH:  0    Dex: 13    Spells: 5/5 levels left

rFire   . . .      SeeInvis .   a - +0 hand axe
rCold   . . .      Faith    .   (no shield)
rNeg    . . .      Spirit   .   b - +0 leather armour
rPois   .          Reflect  .   (helmet restricted)
rElec   .          Harm     .   (no cloak)
rCorr   .          Rampage  .   (no gloves)
Will    .....                   (boots unavailable)
Stlth   +.........              (no amulet)
HPRegen 0.05/turn               (no ring)
MPRegen 0.10/turn               (no ring)

@: no status effects
A: beak, talons 3
a: no special abilities


You were on level 1 of the Dungeon.
You visited 1 branch of the dungeon, and saw 1 of its levels.

You collected 12 gold pieces.


Innate Abilities, Weirdness & Mutations

You have a beak for a mouth.
You have claws for feet.


   Skills:
 - Level 2.0 Fighting
 + Level 3.5 Axes
 - Level 1.0 Throwing
 - Level 1.1 Armour
 - Level 2.1 Dodging
 - Level 2.0 Spellcasting
 - Level 2.4 Translocations


You had 5 spell levels left.
You didn't know any spells.
Your spell library contained the following spells:

 Spells                   Type           Power      Damage    Failure   Level
 Blink                    Tloc           14%        N/A       19%         2
 Gell's Gravitas          Tloc           7%         N/A       36%         3
 Lesser Beckoning         Tloc           7%         N/A       36%         3
 Teleport Other           Tloc           7%         N/A       36%         3
 Manifold Assault         Tloc           7%         N/A       98%         5

Inventory:

Hand Weapons
 a - a +0 hand axe (weapon)
 g - a +0 club
Armour
 b - a +0 leather armour (worn)
Jewellery
 e - an amulet of guardian spirit
Scrolls
 c - a scroll of blinking
 f - a scroll of magic mapping {unknown}
Potions
 d - a potion of degeneration {unknown}
 h - a potion of cancellation {unknown}
 i - a potion of ambrosia {unknown}
 j - a potion of attraction {unknown}
 k - a potion of might {unknown}
 l - a potion of heal wounds {unknown}

Dungeon Overview and Level Annotations

Branches:
Dungeon (1/15)

Altars:


Message History

The dart slug bites the bush but does no damage.
The dart slug bites the bush but does no damage.
The dart slug bites the bush but does no damage.
The dart slug launches a dart at you. The slug dart hits you.
The dart slug bites the bush but does no damage.
The dart slug bites the bush but does no damage.
The dart slug bites the bush but does no damage.
The dart slug bites the bush but does no damage.
The dart slug bites the bush.
The dart slug launches a dart at you. The slug dart misses you.
The dart slug bites the bush.
The dart slug launches a dart at you.
The slug dart hits you but does no damage.
The dart slug bites the bush but does no damage.
The dart slug bites the bush but does no damage.
The dart slug bites the bush but does no damage.
The dart slug bites the bush but does no damage.
The dart slug bites the bush but does no damage.
The dart slug bites the bush but does no damage.
The dart slug launches a dart at you.
The slug dart hits you but does no damage.
The dart slug bites the bush.
The dart slug bites the bush.
The dart slug launches a dart at you. The slug dart misses you.
The dart slug bites the bush but does no damage.
The dart slug launches a dart at you. The slug dart misses you.
The dart slug launches a dart at you. The slug dart misses you.
The dart slug bites the bush but does no damage.
The dart slug bites the bush but does no damage.
The dart slug bites the bush but does no damage.
The dart slug bites the bush but does no damage.
The dart slug bites the bush.
The dart slug launches a dart at you. The slug dart hits you.
You die... .....PPPPPPP.PPP...# #.P.........P...# ##P.PPP.PPPPP...#

#P...P.P...P...#
#P.PPP.P.P.P...#
#P.P.P...P.P...#
..####P.P.PPPPP.P#.##
......P.....P...P#.#
#####wP@PPP.P.P.P..#
#.P.P.P.P.P...##
#.PPP.P.P.P.P.#
#.......P.P.P.#


##PPPPPPP.PPP.# #.....# ####### You could see a dart slug.

Vanquished Creatures
  A dart slug (D:1)
  A ball python (D:1)
  2 bats (D:1)
  3 endoplasms (D:1)
  2 goblins (D:1)
  A quokka (D:1)
  3 kobolds (D:1)
  2 rats (D:1)
15 creatures vanquished.

Notes
Turn   | Place    | Note
-------+----------+-------------------------------------------
     0 | D:1      | qw the Tengu Warper began the quest for the Orb.
     0 | D:1      | Reached XP level 1. HP: 12/12 MP: 4/4
     0 | D:1      | 0 ||| qw: Version: 0.1-a-89-g26bdef1
     0 | D:1      | 0 ||| qw: Game counter: 1985
     0 | D:1      | 0 ||| qw: Always use a shield: true
     0 | D:1      | 0 ||| qw: God list: Okawaru
     0 | D:1      | 0 ||| qw: Allow faded altars: false
     0 | D:1      | 0 ||| qw: Do Orc after D:15 true
     0 | D:1      | 0 ||| qw: Do second Lair branch before Depths: true
     0 | D:1      | 0 ||| qw: Lair rune preference: random
     0 | D:1      | 0 ||| qw: Plans: Normal
     0 | D:1      | 0 ||| PLANNING D:1-11
    58 | D:1      | Reached XP level 2. HP: 14/17 MP: 6/6
    61 | D:1      | Reached skill level 3 in Axes
    64 | D:1      | HP: 3/17 [rat (2)]
   584 | D:1      | 584 ||| Stepping ~*~*~tactically~*~*~ (hiding).
   723 | D:1      | HP: 4/17 [dart slug/slug dart (3)]
   729 | D:1      | HP: 2/17 [dart slug/slug dart (2)]
   768 | D:1      | Killed from afar by a dart slug

Levels and vault maps discovered:
D:1:      evilmike_arrival_plus, layout_rooms, st_stairs_9, minmay_hedge_maze

Skill      XL: |  1  2 |
---------------+-------+-----
Axes           | 3 |  3.5
Fighting       | |  2.0
Throwing       | |  1.0
Armour         | |  1.1
Dodging        | |  2.1
Spellcasting   | |  2.0
Translocations | |  2.4

Action                   || total
-------------------------++-------
Melee: Hand axe          ||    26
       Kick              ||     6
       Peck              ||     3
       Punch             ||     1
Throw: Boomerang         ||     7
Armor: Leather armour    ||    12
Dodge: Dodged            ||    24

Table legend:
 A = Non-vault XP
 B = Vault XP
 C = Vault XP percentage of total XP
 D = Non-vault monster count
 E = Vault monster count
 F = Vault count percentage of total count
                 A         B        C        D         E       F
            +---------+---------+-------+---------+---------+-------
      Total |      22 |       5 |  18.5 |      12 |       3 |  20.0
            +---------+---------+-------+---------+---------+-------
        D:1 |      22 |       5 |  18.5 |      12 |       3 |  20.0
            +---------+---------+-------+---------+---------+-------
